 Dungeon Crawl Stone Soup version 0.24-a0-445-gd5110b030a (webtiles) character file.

Game seed: 748686003068814843

18 theanonym the Ruffian (level 2, -2/23 HPs)
             Began as a Draconian Transmuter on June 22, 2019.
             Shot with a stone by a goblin (6 damage)
             ... on level 2 of the Dungeon.
             The game lasted 00:00:40 (793 turns).

theanonym the Ruffian (Draconian Transmuter)         Turns: 793, Time: 00:00:41

Health: -2/23      AC:  4    Str: 12    XL:     2   Next: 51%
Magic:  2/5        EV: 12    Int: 13    God:
Gold:   91         SH:  0    Dex: 11    Spells: 2/5 levels left

rFire    . . .     SeeInvis .     - Unarmed
rCold    . . .     Gourm    .   (no shield)
rNeg     . . .     Faith    .   (armour unavailable)
rPois    .         Spirit   .   (helmet restricted)
rElec    .         Reflect  .   (no cloak)
rCorr    .         Harm     .   (no gloves)
MR       .....                  (no boots)
Stlth    +.........             (no amulet)
HPRegen  0.07/turn              (no ring)
MPRegen  0.09/turn              (no ring)

@: very slightly contaminated
A: unfitting armour, cold-blooded, AC +4
a: no special abilities


Innate Abilities, Weirdness & Mutations

Your plain brown scales are hard. (AC +4)
You cannot fit into any form of body armour.
You are cold-blooded and may be slowed by cold attacks.


   Skills:
 - Level 1.1 Fighting
 - Level 1.7 Dodging
 + Level 3.4 Unarmed Combat
 - Level 2.0 Spellcasting
 + Level 2.6 Transmutations


You had 2 spell levels left.
You knew the following spells:

 Your Spells              Type           Power        Failure   Level  Hunger
a - Beastly Appendage     Tmut           #.....       9%          1    ##.....
b - Sticks to Snakes      Tmut           #.......     13%         2    ###....

Your spell library contained the following spells:

 Spells                   Type           Power        Failure   Level  Hunger
 Spider Form              Tmut/Pois      #.........   41%         3    ####...
 Ice Form                 Ice/Tmut       #.......     83%         4    #####..
 Blade Hands              Tmut           #.........   94%         5    ######.

Action                   || total
-------------------------++-------
Melee: Unarmed           ||    49
       Tailslap          ||     7
 Cast: Sticks to Snakes  ||     1
       Beastly Appendage ||     1
Armor: Skin              ||    18
Dodge: Dodged            ||    38

Inventory:

Missiles
 a - 46 arrows
Jewellery
 h - an uncursed ring of protection from cold {unknown}
Scrolls
 b - a scroll of random uselessness {unknown}
 f - 2 scrolls of identify {unknown}
 g - a scroll of fog {unknown}
Potions
 c - a potion of degeneration {unknown}
Comestibles
 d - 2 chunks of flesh
 e - a ration


You were on level 2 of the Dungeon.
You were not hungry.

You visited 1 branch of the dungeon, and saw 2 of its levels.

You collected 91 gold pieces.

Dungeon Overview and Level Annotations

Branches:
Dungeon (2/15)

Altars:
Ashenzari

##.## #... #..# #..#
# #..# ###.####<.#
.......(..#
.........<##########
###.####.@.....(...#
#.............##.####
######.#####g.......#
#.# #..(#####. #.#
##.w.# #.# #(...# #
#.###(####...#
#.##..()..#
#..$..#g......


You could see a goblin.

Notes
Turn   | Place    | Note
-------+----------+-------------------------------------------
     0 | D:1      | theanonym the Draconian Transmuter began the quest for the
                  | Orb.
     0 | D:1      | Reached XP level 1. HP: 16/16 MP: 3/3
   225 | D:1      | Reached XP level 2. HP: 23/23 MP: 5/5
   229 | D:1      | Learned a level 2 spell: Sticks to Snakes
   768 | D:2      | Found a shattered altar of Ashenzari.
   776 | D:2      | HP: 10/23 [worm (11)]
   783 | D:2      | HP: 4/23 [worm (4)]
   793 | D:2      | Shot with a stone by a goblin

Vanquished Creatures
  4 bats (D:1)
  3 giant cockroaches
  A goblin (D:1)
  3 hobgoblins
  3 kobolds (D:1)
  A ball python (D:2)
  A rat (D:1)
16 creatures vanquished.

Table legend:
 A = Turns spent in this place as a percentage of turns spent in the entire game.
 B = Non-inter-level travel turns spent in this place as a percentage of non-inter-level travel turns spent in the entire game.
 C = Inter-level travel turns spent in this place as a percentage of turns spent in this place.
 D = Turns resting spent in this place as a percentage of non-inter-level travel turns spent in this place.
 E = Turns spent auto-exploring this place as a percentage of non-inter-level travel turns spent in this place.
 F = Non-inter-level travel turns spent in this place divided by the number of levels of this place that you've seen.
                   A       B       C       D       E      F
               +-------+-------+-------+-------+-------+----------------------
         Total | 100.0 | 100.0 |   4.3 |   0.0 |  85.4 | 379.5
       Dungeon | 100.0 | 100.0 |   4.3 |   0.0 |  85.4 | 379.5
               +-------+-------+-------+-------+-------+----------------------
